 Dungeon Crawl Stone Soup version 0.29-a0-477-g62b78b4225 (webtiles) character file.

Game seed: 11272099210553868646

151 Bnni the Skirmisher (level 5, -1/42 HPs)
             Began as a Demonspawn Fighter on May 25, 2022.
             Killed from afar by an orc wizard (4 damage)
             ... with a magic dart
             ... on level 3 of the Dungeon.
             The game lasted 00:03:39 (2430 turns).

Bnni the Skirmisher (Demonspawn Fighter)            Turns: 2430, Time: 00:03:40

Health: -1/42      AC:  7    Str: 18    XL:     5   Next: 11%
Magic:  5/5        EV:  9    Int: 10    God:
Gold:   129        SH:  4    Dex: 12    Spells: 4/4 levels left

rFire   . . .      SeeInvis .   p - +1 dagger (venom)
rCold   . . .      Faith    .   c - +0 buckler
rNeg    . . .      Spirit   .   b - +0 scale mail
rPois   .          Reflect  .   (no helmet)
rElec   .          Harm     .   (no cloak)
rCorr   .          Rampage  .   r - +0 pair of gloves
Will    .....                   (no boots)
Stlth   ..........              (no amulet)
HPRegen 0.14/turn               (no ring)
MPRegen 0.09/turn               (no ring)

@: no status effects
A: foul stench 1, powered by death 1, weakness stinger 1
a: no special abilities


You were on level 3 of the Dungeon.
You visited 1 branch of the dungeon, and saw 3 of its levels.

You collected 129 gold pieces.

Inventory:

Hand Weapons
 a - a +0 trident
 p - a +1 dagger of venom (weapon)
Armour
 b - a +0 scale mail (worn)
 c - a +0 buckler (worn)
 r - a +0 pair of gloves (worn)
Wands
 q - a wand of charming (5)
Scrolls
 e - a scroll of amnesia {unknown}
 h - a scroll of fog {unknown}
 i - 4 scrolls of identify {unknown}
 l - a scroll of blinking {unknown}
 m - a scroll of silence {unknown}
 n - a scroll of brand weapon {unknown}
 o - a scroll of enchant armour {unknown}
 s - a scroll of teleportation {unknown}
 t - a scroll of vulnerability {unknown}
Potions
 d - a potion of might
 f - 2 potions of mutation {unknown}
 g - 3 potions of heal wounds {unknown}
 j - a potion of resistance {unknown}
 k - a potion of degeneration {unknown}


   Skills:
 + Level 4.1 Fighting
 * Level 4.1 Polearms
 - Level 2.6 Armour
 - Level 2.6 Shields


You had 4 spell levels left.
You didn't know any spells.
Your spell library contained the following spells:

 Spells                   Type           Power      Damage    Failure   Level
 Frozen Ramparts          Ice            0%         1d2       99%         3
 Ice Form                 Ice/Tmut       0%         N/A       100%        4
 Summon Ice Beast         Ice/Summ       0%         N/A       100%        4


Dungeon Overview and Level Annotations

Branches:
Dungeon (3/15)

Altars:
Xom


Innate Abilities, Weirdness & Mutations

You may rarely emit foul miasma when damaged in melee.
You regenerate a little health from kills.
You have a small tail.


Message History

The orc is moderately wounded.
The endoplasm hits you but does no damage.
The orc closely misses you. Something hits you but does no damage.
You hit the orc.
The orc is poisoned.
Your tail-slap misses the orc.
The orc is severely wounded.
The endoplasm hits you. The orc hits you but does no damage.
Something hits you but does no damage.
You hit the orc.
You kill the orc!
The endoplasm closely misses you. Something hits you but does no damage.
You hit the endoplasm. You tail-slap the endoplasm.
You kill the endoplasm!
Something hits you but does no damage. Something hits you but does no damage.
Things that are here:
a +0 dagger; a +0 robe; an orc corpse You hit something.
Your tail-slap misses something.
You hear some strange, mumbled words.
A magic dart appears from out of thin air!
The magic dart hits you.
You closely miss something.
Your tail-slap misses something.
You hear some strange, mumbled words.
A puff of flame appears from out of thin air!
The puff of flame hits you!
* * * LOW HITPOINT WARNING * * *
You hit something. Something hits you but does no damage. Something hits you.
* * * LOW HITPOINT WARNING * * *
You miss something.
Your tail-slap misses something.
You hear some strange, mumbled words.
A magic dart appears from out of thin air!
The magic dart hits you.
* * * LOW HITPOINT WARNING * * *
You miss something. Something hits you.
* * * LOW HITPOINT WARNING * * *
You closely miss something. Something hits you but does no damage.
You miss something.
You hear some strange, mumbled words.
A magic dart appears from out of thin air!
The magic dart hits you.
You die...

............#
...........#
..........#
.........# ........#
(.....## #..?...#
#@{....# #.)....#
#......# #####......#
#............
#..≈≈≈≈≈≈≈..#
#######.≈≈≈≈≈≈....#
.##.......≈≈_....8..#
..........≈≈≈≈≈≈....#


There were no monsters in sight!

Vanquished Creatures
  Jessica (D:2)
  An orc wizard (D:3)
  3 adders (D:2)
  2 worms (D:2)
  A dart slug (D:1)
  3 orcs (D:3)
  5 ball pythons
  A bat (D:1)
  10 endoplasms
  3 giant cockroaches
  5 goblins
  6 hobgoblins
  6 jackals
  A kobold (D:2)
  A quokka (D:2)
  2 frilled lizards
  6 rats
57 creatures vanquished.

Vanquished Creatures (others)
  A plant (D:3)
1 creature vanquished.

Grand Total: 58 creatures vanquished

Notes
Turn   | Place    | Note
-------+----------+-------------------------------------------
     0 | D:1      | Bnni the Demonspawn Fighter began the quest for the Orb.
     0 | D:1      | Reached XP level 1. HP: 18/18 MP: 1/1
   141 | D:1      | Gained mutation: You have a small tail. [demonic ancestry]
   141 | D:1      | Reached XP level 2. HP: 14/24 MP: 2/2
   760 | D:1      | Found a faded altar of an unknown god.
   812 | D:2      | Gained mutation: You may rarely emit foul miasma when
                  | damaged in melee. [demonic ancestry]
   812 | D:2      | Reached XP level 3. HP: 17/29 MP: 3/3
  1005 | D:2      | Noticed Jessica
  1017 | D:2      | Killed Jessica
  1018 | D:2      | Reached XP level 4. HP: 15/37 MP: 4/4
  2371 | D:3      | Found a shimmering altar of Xom.
  2415 | D:3      | Gained mutation: You regenerate a little health from kills.
                  | [demonic ancestry]
  2415 | D:3      | Reached XP level 5. HP: 25/42 MP: 5/5
  2430 | D:3      | Killed from afar by an orc wizard

Illustrated notes

Levels and vault maps discovered:
D:1:      minmay_arrival_solitary_statue, layout_basic,
          dilly_ecumenical_altar_fadedgnrine
D:2:      layout_loops_ring, minmay_goblin_outpost, uniq_jessica
D:3:      layout_basic, mainiacjoe_overflow_catwalk, kennysheep_boxes

Skill      XL: |  1  2  3  4 |
---------------+-------------+-----
Polearms       | 2 3 4 |  4.1
Fighting       | 4 |  4.1
Armour         | |  2.6
Shields        | |  2.6

Action                   |  1- 3 |  4- 6 || total
-------------------------+-------+-------++-------
Melee: Trident           |    90 |    17 ||   107
       Tailslap          |     4 |    10 ||    14
       Dagger            |       |    76 ||    76
Armor: Scale mail        |    42 |    44 ||    86
Dodge: Dodged            |    33 |    37 ||    70
Block: Buckler           |    22 |    24 ||    46

Table legend: (Time is in decaauts)
 A = Elapsed time spent in this place.
 B = Non-inter-level travel time spent in this place.
 C = Inter-level travel time spent in this place.
 D = Time resting spent in this place.
 E = Time spent auto-exploring this place.
 F = Levels seen in this place.
 G = Mean time per level.
                   A        B        C        D        E       F      G
               +--------+--------+--------+--------+--------+-----+--------+
         Total |   2455 |   2404 |     51 |    295 |   1722 |   3 |  818.3 |
       Dungeon |   2455 |   2404 |     51 |    295 |   1722 |   3 |  818.3 |
               +--------+--------+--------+--------+--------+-----+--------+

Top non-repeatable levels by time:
     D:2: 1593 daAuts
     D:1: 801 daAuts
     D:3: 59 daAuts
